| TOP OF THE 1ST |
|
York Revolution batting - Pitching for Chester Pirates : LHP Stan Stirnweiss
|
|
Pitching: LHP Stan Stirnweiss
|
|
|
Batting: RHB Tony Perez
|
0-0: Ball 1-0: Foul Ball, location: 2F 1-1: Ball 2-1: Fly out, F7 (Flyball, 7LM, EV 105.0 MPH)
|
|
Batting: RHB Joe Hewitt
|
0-0: Ball 1-0: Ball 2-0: Called Strike 2-1: Swinging Strike 2-2: Strikes out swinging
|
|
Batting: RHB Trent Hedrick
|
0-0: Called Strike 0-1: Ball 1-1: Ball 2-1: Fly out, F8 (Flyball, 8LXD, EV 86.2 MPH)
|
| Top of the 1st over - 0 runs, 0 hits, 0 errors, 0 left on base; York 0 - Chester 0 |
| BOTTOM OF THE 1ST |
|
Chester Pirates batting - Pitching for York Revolution : RHP Seizaburo Takahashi
|
|
Pitching: RHP Seizaburo Takahashi
|
|
|
Batting: RHB Terrence Wilson
|
0-0: Ball 1-0: Fly out, F7 (Flyball, 7D, EV 102.5 MPH)
|
|
Batting: RHB Tim Moore
|
0-0: Ground out 5-3 (Groundball, 56, EV 92.5 MPH)
|
|
Batting: RHB Zach Chmieleski
|
0-0: Ball 1-0: Ground out 6-3 (Groundball, 6, EV 78.1 MPH)
|
| Bottom of the 1st over - 0 runs, 0 hits, 0 errors, 0 left on base; York 0 - Chester 0 |
| TOP OF THE 2ND |
|
York Revolution batting - Pitching for Chester Pirates : LHP Stan Stirnweiss
|
|
Batting: RHB Jose Corral
|
0-0: Ball 1-0: Swinging Strike 1-1: Ball 2-1: SOLO HOME RUN (Flyball, 7D, EV 98.8 MPH), Distance : 391 ft
|
|
Batting: RHB Lee Wright
|
0-0: Called Strike 0-1: Fly out, F8 (Flyball, 89M, EV 95.6 MPH)
|
|
Batting: SHB Brett St. Clair
|
0-0: Ball 1-0: SINGLE (Line Drive, 89M, EV 86.9 MPH)
|
|
Batting: RHB Jake Cox
|
0-0: Ball 1-0: Called Strike 1-1: Called Strike 1-2: Ball 2-2: Ball 3-2: Strikes out looking
|
|
Batting: RHB Dave Gallegos
|
0-0: Ball 1-0: Fly out, F8 (Line Drive, 8LM, EV 100.0 MPH)
|
| Top of the 2nd over - 1 run, 2 hits, 0 errors, 1 left on base; York 1 - Chester 0 |
| BOTTOM OF THE 2ND |
|
Chester Pirates batting - Pitching for York Revolution : RHP Seizaburo Takahashi
|
|
Batting: LHB Carlos Vega
|
0-0: Ball 1-0: SINGLE (Groundball, 56D, EV 95.0 MPH)
|
|
Batting: RHB Jeff Edwards
|
0-0: Grounds into double play, 4-6-3 (Groundball, 4, EV 86.9 MPH)
|
|
Batting: SHB Don Hauk
|
0-0: Called Strike 0-1: SINGLE (Flyball, 34D, EV 92.5 MPH)
|
|
Batting: RHB Frank Elizondo
|
0-0: Called Strike 0-1: Ball 1-1: Ball 2-1: Called Strike 2-2: Foul Ball, location: 2F 2-2: Strikes out swinging
|
| Bottom of the 2nd over - 0 runs, 2 hits, 0 errors, 1 left on base; York 1 - Chester 0 |
| TOP OF THE 3RD |
|
York Revolution batting - Pitching for Chester Pirates : LHP Stan Stirnweiss
|
|
Batting: RHB Victor Arias
|
0-0: SINGLE (Line Drive, 6D, EV 93.8 MPH)
|
|
Batting: RHB Tony Perez
|
0-0: Grounds into double play, 6-4-3 (Groundball, 6, EV 82.5 MPH)
|
|
Batting: RHB Joe Hewitt
|
0-0: Called Strike 0-1: Ball 1-1: Ball 2-1: Ball 3-1: Fly out, F9 (Line Drive, 9, EV 92.5 MPH)
|
| Top of the 3rd over - 0 runs, 1 hit, 0 errors, 0 left on base; York 1 - Chester 0 |
| BOTTOM OF THE 3RD |
|
Chester Pirates batting - Pitching for York Revolution : RHP Seizaburo Takahashi
|
|
Batting: RHB Erik Mulligan
|
0-0: Ball 1-0: Ball 2-0: Foul Ball, location: 2F 2-1: Ball 3-1: Base on Balls
|
|
Batting: LHB Chad Cutler
|
0-0: Ball 1-0: Called Strike 1-1: Ball 2-1: 2-RUN HOME RUN (Flyball, 78XD, EV 115.0 MPH), Distance : 433 ft
|
|
Batting: RHB Terrence Wilson
|
0-0: Ball 1-0: Called Strike 1-1: Foul Ball, location: 2F 1-2: Ball 2-2: Ball 3-2: Base on Balls
|
|
Batting: RHB Tim Moore
|
0-0: Ball 1-0: Grounds into double play, 6-4-3 (Groundball, 6D, EV 91.2 MPH)
|
|
Batting: RHB Zach Chmieleski
|
0-0: Ball 1-0: SINGLE (Flyball, 5D, EV 97.5 MPH)
|
|
Batting: LHB Carlos Vega
|
0-0: Ball 1-0: Called Strike 1-1: Ball 2-1: Foul Ball, location: 2F 2-2: Ground out U3 (Groundball, 3, EV 88.1 MPH)
|
| Bottom of the 3rd over - 2 runs, 2 hits, 0 errors, 1 left on base; York 1 - Chester 2 |
| TOP OF THE 4TH |
|
York Revolution batting - Pitching for Chester Pirates : LHP Stan Stirnweiss
|
|
Batting: RHB Trent Hedrick
|
0-0: Ball 1-0: Ball 2-0: Ball 3-0: Swinging Strike 3-1: Called Strike 3-2: Foul Ball, location: 2F 3-2: Strikes out looking
|
|
Batting: RHB Jose Corral
|
0-0: Foul Ball, location: 2F 0-1: Ball 1-1: SINGLE (Groundball, 4D, EV 102.5 MPH)
|
|
Batting: RHB Lee Wright
|
0-0: Ball 1-0: Foul Ball, location: 2F 1-1: Fly out, F7 (Line Drive, 78M, EV 86.2 MPH)
|
|
Batting: SHB Brett St. Clair
|
0-0: Foul Ball, location: 2F 0-1: Foul Ball, location: 2F 0-2: Foul Ball, location: 2F 0-2: Ball 1-2: Strikes out swinging
|
| Top of the 4th over - 0 runs, 1 hit, 0 errors, 1 left on base; York 1 - Chester 2 |
| BOTTOM OF THE 4TH |
|
Chester Pirates batting - Pitching for York Revolution : RHP Seizaburo Takahashi
|
|
Batting: RHB Jeff Edwards
|
0-0: Ball 1-0: Ball 2-0: Called Strike 2-1: Foul Ball, location: 2F 2-2: Ball 3-2: Foul Ball, location: 2F 3-2: Base on Balls
|
|
Batting: SHB Don Hauk
|
0-0: Called Strike 0-1: Ball 1-1: Ball 2-1: Ball 3-1: Called Strike 3-2: Fly out, F8 (Line Drive, 8RD, EV 97.5 MPH)
|
|
Batting: RHB Frank Elizondo
|
0-0: Ball 1-0: Grounds into double play, 5-4-3 (Groundball, 56, EV 105.6 MPH)
|
| Bottom of the 4th over - 0 runs, 0 hits, 0 errors, 0 left on base; York 1 - Chester 2 |
| TOP OF THE 5TH |
|
York Revolution batting - Pitching for Chester Pirates : LHP Stan Stirnweiss
|
|
Batting: RHB Jake Cox
|
0-0: Foul Ball, location: 2F 0-1: Foul Ball, location: 2F 0-2: Ball 1-2: Fly out, F4 (Popup, 4, EV 66.9 MPH)
|
|
Batting: RHB Dave Gallegos
|
0-0: Called Strike 0-1: Ball 1-1: Called Strike 1-2: Ground out 4-3 (Groundball, 4, EV 106.9 MPH)
|
|
Batting: RHB Victor Arias
|
0-0: Swinging Strike 0-1: Ball 1-1: Foul Ball, location: 2F 1-2: Foul Ball, location: 2F 1-2: Ball 2-2: Strikes out swinging
|
| Top of the 5th over - 0 runs, 0 hits, 0 errors, 0 left on base; York 1 - Chester 2 |
| BOTTOM OF THE 5TH |
|
Chester Pirates batting - Pitching for York Revolution : RHP Seizaburo Takahashi
|
|
Batting: RHB Erik Mulligan
|
0-0: Ball 1-0: Foul Ball, location: 2F 1-1: Foul Ball, location: 2F 1-2: Ball 2-2: Strikes out looking
|
|
Batting: LHB Chad Cutler
|
0-0: Called Strike 0-1: Foul Ball, location: 2F 0-2: Strikes out swinging
|
|
Batting: RHB Terrence Wilson
|
0-0: Ball 1-0: Ground out 6-3 (Groundball, 6, EV 83.8 MPH)
|
| Bottom of the 5th over - 0 runs, 0 hits, 0 errors, 0 left on base; York 1 - Chester 2 |
| TOP OF THE 6TH |
|
York Revolution batting - Pitching for Chester Pirates : LHP Stan Stirnweiss
|
|
Batting: RHB Tony Perez
|
0-0: Ball 1-0: Ball 2-0: Ball 3-0: Called Strike 3-1: Called Strike 3-2: Foul Ball, location: 2F 3-2: Fly out, F8 (Flyball, 8LXD, EV 85.6 MPH)
|
|
Batting: RHB Joe Hewitt
|
0-0: Ground out 5-3 (Groundball, 56S, EV 63.1 MPH)
|
|
Batting: RHB Trent Hedrick
|
0-0: Ball 1-0: Ball 2-0: Ball 3-0: Base on Balls
|
|
Batting: RHB Jose Corral
|
0-0: Ball 1-0: Ball 2-0: Called Strike 2-1: Ball 3-1: SINGLE (Line Drive, 9S, EV 86.2 MPH) Trent Hedrick to second Runner from 2nd tries for 3rd, SAFE, throw by RF made to third
|
|
Batting: RHB Lee Wright
|
0-0: Ball 1-0: Foul Ball, location: 2F 1-1: Foul Ball, location: 2F 1-2: Ball 2-2: SINGLE (Groundball, 6S, EV 97.5 MPH) Trent Hedrick scores Jose Corral to second
|
|
Batting: SHB Brett St. Clair
|
0-0: Ball 1-0: Called Strike 1-1: Ball 2-1: Fielders Choice at 2nd, 6-4 (Groundball, 6, EV 88.8 MPH)
|
| Top of the 6th over - 1 run, 2 hits, 0 errors, 2 left on base; York 2 - Chester 2 |
| BOTTOM OF THE 6TH |
|
Chester Pirates batting - Pitching for York Revolution : RHP Seizaburo Takahashi
|
|
Batting: RHB Tim Moore
|
0-0: Swinging Strike 0-1: Foul Ball, location: 2F 0-2: Ground out 5-3 (Groundball, 56, EV 100.0 MPH)
|
|
Batting: RHB Zach Chmieleski
|
0-0: Foul Ball, location: 2F 0-1: Swinging Strike 0-2: Ball 1-2: Foul Ball, location: 2F 1-2: Ball 2-2: Fly out, F7 (Line Drive, 7D, EV 103.1 MPH)
|
|
Batting: LHB Carlos Vega
|
0-0: Fly out, F3 (Popup, 3SF, EV 73.8 MPH)
|
| Bottom of the 6th over - 0 runs, 0 hits, 0 errors, 0 left on base; York 2 - Chester 2 |
| TOP OF THE 7TH |
|
York Revolution batting - Pitching for Chester Pirates : LHP Stan Stirnweiss
|
|
Batting: RHB Jake Cox
|
0-0: Called Strike 0-1: Ball 1-1: Foul Ball, location: 2F 1-2: Strikes out swinging
|
|
Batting: RHB Dave Gallegos
|
0-0: Ball 1-0: Swinging Strike 1-1: Ball 2-1: Called Strike 2-2: Ball 3-2: Strikes out swinging
|
|
Batting: RHB Victor Arias
|
0-0: Swinging Strike 0-1: Ground out 6-3 (Groundball, P, EV 91.9 MPH)
|
| Top of the 7th over - 0 runs, 0 hits, 0 errors, 0 left on base; York 2 - Chester 2 |
| BOTTOM OF THE 7TH |
|
Chester Pirates batting - Pitching for York Revolution : RHP Seizaburo Takahashi
|
|
Pitching: LHP Tim Lawson
|
|
|
Batting: RHB Jeff Edwards
|
0-0: Foul Ball, location: 2F 0-1: Foul Ball, location: 2F 0-2: Ball 1-2: Foul Ball, location: 2F 1-2: Ball 2-2: Ball 3-2: Base on Balls
|
|
Batting: SHB Don Hauk
|
0-0: Swinging Strike 0-1: Ball 1-1: Foul Ball, location: 2F 1-2: Ball 2-2: Fly out, F9 (Flyball, 9LS, EV 95.6 MPH)
|
|
Batting: RHB Frank Elizondo
|
0-0: Foul Ball, location: 2F 0-1: Fly out, F6 (Flyball, 56D, EV 87.5 MPH)
|
|
Batting: RHB Erik Mulligan
|
0-0: Foul Ball, location: 2F 0-1: Ball 1-1: Ball 2-1: Ball 3-1: Foul Ball, location: 2F 3-2: Base on Balls Jeff Edwards to second
|
|
Batting: LHB Chad Cutler
|
0-0: Called Strike 0-1: Foul Ball, location: 2F 0-2: Strikes out swinging
|
| Bottom of the 7th over - 0 runs, 0 hits, 0 errors, 2 left on base; York 2 - Chester 2 |
| TOP OF THE 8TH |
|
York Revolution batting - Pitching for Chester Pirates : LHP Stan Stirnweiss
|
|
Pitching: RHP Tony Ortiz
|
|
|
Batting: RHB Tony Perez
|
0-0: Called Strike 0-1: Ball 1-1: Ball 2-1: Called Strike 2-2: Foul Ball, location: 2F 2-2: Foul Ball, location: 2F 2-2: Foul Ball, location: 2F 2-2: Ball 3-2: Strikes out swinging
|
|
Pinch Hitting: LHB Joel Moore
|
0-0: Called Strike 0-1: Ball 1-1: Foul Ball, location: 2F 1-2: Ball 2-2: Foul Ball, location: 2F 2-2: Foul Ball, location: 2F 2-2: Foul Ball, location: 2F 2-2: Ball 3-2: Base on Balls
|
|
Batting: RHB Trent Hedrick
|
0-0: SINGLE (Line Drive, 4MD, EV 95.6 MPH) Joel Moore to second
|
|
Batting: RHB Jose Corral
|
0-0: Foul Ball, location: 2F 0-1: Ball 1-1: Ball 2-1: Called Strike 2-2: Strikes out looking
|
|
Batting: RHB Lee Wright
|
0-0: Ball 1-0: Foul Ball, location: 2F 1-1: Fly out, F8 (Line Drive, 8LM, EV 98.8 MPH)
|
| Top of the 8th over - 0 runs, 1 hit, 0 errors, 2 left on base; York 2 - Chester 2 |
| BOTTOM OF THE 8TH |
|
Chester Pirates batting - Pitching for York Revolution : LHP Tim Lawson
|
|
Pitching: LHP Chris Burch
|
|
|
Now in LF: Zach Slot
|
|
|
Batting: RHB Terrence Wilson
|
0-0: Foul Ball, location: 2F 0-1: Fly out, F8 (Flyball, 8RS, EV 94.4 MPH)
|
|
Batting: RHB Tim Moore
|
0-0: Ball 1-0: SINGLE (Groundball, 56D, EV 103.8 MPH)
|
|
Batting: RHB Zach Chmieleski
|
0-0: Foul Ball, location: 2F 0-1: Foul Ball, location: 2F 0-2: Ball 1-2: Ball 2-2: Foul Ball, location: 2F 2-2: 2-RUN HOME RUN (Flyball, 78XD, EV 113.8 MPH), Distance : 438 ft
|
|
Batting: LHB Carlos Vega
|
0-0: Ground out 6-3 (Groundball, 6S, EV 93.8 MPH)
|
|
Batting: RHB Jeff Edwards
|
0-0: Called Strike 0-1: Ball 1-1: Foul Ball, location: 2F 1-2: Ball 2-2: Foul Ball, location: 2F 2-2: Ball 3-2: Strikes out swinging
|
| Bottom of the 8th over - 2 runs, 2 hits, 0 errors, 0 left on base; York 2 - Chester 4 |
| TOP OF THE 9TH |
|
York Revolution batting - Pitching for Chester Pirates : RHP Tony Ortiz
|
|
Pitching: LHP Juan Villegas
|
|
|
Now at 1B: Dustin Herman
|
|
|
Batting: SHB Brett St. Clair
|
0-0: Ground out 5-3 (Groundball, 56, EV 106.9 MPH)
|
|
Batting: RHB Jake Cox
|
0-0: Called Strike 0-1: Ball 1-1: Foul Ball, location: 2F 1-2: Ball 2-2: Strikes out swinging
|
|
Batting: RHB Dave Gallegos
|
0-0: Called Strike 0-1: Swinging Strike 0-2: Foul Ball, location: 2F 0-2: Fly out, F7 (Line Drive, 7, EV 109.4 MPH)
|
| Top of the 9th over - 0 runs, 0 hits, 0 errors, 0 left on base; York 2 - Chester 4 |
|